 Dungeon Crawl Stone Soup version 0.29-a0-330-g52719c12eb (webtiles) character file.

Game seed: 11539314644006605801

799 truemonolith the Cleaver (level 7, -2/52 HPs)
             Began as a Demonspawn Abyssal Knight on May 22, 2022.
             Was a Priest of Lugonu.
             Slain by Duvessa
             ... wielding a +0 short sword
              (6 damage)
             ... on level 5 of the Dungeon.
             The game lasted 00:10:24 (4530 turns).

truemonolith the Cleaver (DsAK)                     Turns: 4530, Time: 00:10:24

Health: -2/52      AC:  6    Str: 15    XL:     7   Next: 59%
Magic:  5/5        EV:  6    Int: 15    God:    Lugonu [***...]
Gold:   193        SH:  4    Dex: 14    Spells: 6/6 levels left

rFire   . . .      SeeInvis .   e - +8 Wrath of Trog {antimagic, *Rage Rampage}
rCold   . . .      Faith    .   (shield currently unavailable)
rNeg    . . .      Spirit   .   h - +0 chain mail
rPois   .          Reflect  .   (no helmet)
rElec   .          Harm     .   (no cloak)
rCorr   .          Rampage  +   (no gloves)
Will    .....      Rage     50% d - +1 pair of boots
Stlth   ..........              (no amulet)
HPRegen 0.17/turn               f - ring of magical power
MPRegen 0.09/turn               (no ring)

@: on berserk cooldown, slowed, very slow
A: big brain 2, condensation shield, weakness stinger 1, deformed body, low MP
1, wild magic 1
a: Renounce Religion, Depart the Abyss, Bend Space, Banish


You were on level 5 of the Dungeon.
You worshipped Lugonu.
Lugonu was most pleased with you.
You visited 1 branch of the dungeon, and saw 5 of its levels.
You visited the Abyss 1 time.

You collected 193 gold pieces.

Inventory:

Hand Weapons
 a - a +1 hand axe
 e - the +8 Wrath of Trog (weapon) {antimagic, *Rage Rampage}
   (You acquired it on level 1 of the Dungeon)

   It reduces the magical energy of the wielder, and disrupts the spells and
   magical abilities of those it strikes.
   Natural abilities and divine invocations are not affected.
   It causes slowness and exhaustion when equipped.
   It extends the wielder's berserk rage when killing foes.
   *Rage:     It berserks you when you make melee attacks (+50% chance).
   Rampage:   It bestows one free step when moving towards enemies.
Armour
 b - a +0 leather armour
 c - a +0 leather armour
 d - a +1 pair of boots (worn)
 h - a +0 chain mail (worn)
 i - a +0 plate armour
 s - a +0 scale mail
Jewellery
 f - a ring of magical power (left hand)
Wands
 t - a wand of flame (22)
Scrolls
 j - a scroll of enchant armour {unknown}
 k - a scroll of teleportation
 m - a scroll of magic mapping
 n - 3 scrolls of identify
 o - 2 scrolls of fear
Potions
 g - a potion of heal wounds
 l - 2 potions of brilliance
 p - a potion of cancellation
 q - a potion of haste
 w - 3 potions of curing


   Skills:
 - Level 3.0 Fighting
 + Level 8.0 Axes
 - Level 1.7 Armour
 - Level 0.8 Dodging
 - Level 2.4 Invocations


You had 6 spell levels left.
You didn't know any spells.
Your spell library contained the following spells:

 Spells                   Type           Power      Damage    Failure   Level
 Summon Small Mammal      Summ           0%         N/A       100%        1
 Call Canine Familiar     Summ           0%         N/A       100%        3
 Portal Projectile        Hex/Tloc       0%         N/A       100%        3
 Summon Guardian Golem    Hex/Summ       0%         N/A       100%        3
 Leda's Liquefaction      Hex/Erth       0%         N/A       100%        4


Dungeon Overview and Level Annotations

Branches:
Dungeon (5/15)
 Temple: D:4-7

Altars:
Hepliaklqana
Makhleb
The Shining One

Annotations:
D:4 3 runed translucent doors, HoaS's ghost, novice GrHu
D:5 Dowan; Duvessa


Innate Abilities, Weirdness & Mutations

You have an extremely huge brain. (Int +4)
A meltable shield of frost defends you. (SH +4)
You have a small tail.
Armour fits poorly on your strangely shaped body.
Your magical capacity is low. (-10% MP)
Your spells are a little harder to cast, but a little more powerful.


Message History

Duvessa shouts!
The centaur shoots an arrow.
The arrow hits you!
The centaur shoots an arrow.
The arrow hits you!
Dowan, Brother of Duvessa comes into view.
He is wielding a +0 dagger and carrying a wand of digging (2).
The centaur unwields a +0 shortbow.
You block the centaur's attack. The centaur kicks you.
A red film seems to cover your vision as you go berserk!
You feel yourself moving faster!
You feel mighty!
You slash the centaur!
The centaur is severely wounded.
The centaur hits you but does no damage.
The centaur kicks you but does no damage.
Duvessa shouts, "You can run, but you cannot escape us forever!"
The centaur hits you.
* * * LOW HITPOINT WARNING * * *
The centaur kicks you but does no damage.
You slash the centaur!
You feel the ancient rage of your axe.
You kill the centaur!
Lugonu accepts your kill.
Your Axes skill increases to level 8!
Unknown command.
Duvessa says, "Where magic fails, the sword succeeds!"
You feel a strong urge to attack something.
Dowan casts a spell.
Dowan blinks!
You feel your anger nearly subside.
You are no longer berserk.
You are exhausted.
You feel yourself slow down.
You hear a zap.
You hear a grinding noise.
Duvessa drinks a potion.
Duvessa seems to grow stronger.
You are too injured to fight recklessly!
You hit Duvessa but do no damage. You tail-slap Duvessa.
Duvessa is lightly wounded.
You block Duvessa's attack. Duvessa hits you with a +0 short sword!
* * * LOW HITPOINT WARNING * * *
You hit Duvessa.
Duvessa is lightly wounded.
Duvessa hits you with a +0 short sword.
You die...

#...)#####..........##.....
#....)..............# ###.
####)...............#
#...........e....#
#................#
#...................
#..(.................
##..รท.................
#......e@.>...........
#................#....
#.#..............^...
#.#................ .....
#.###.............. .....
#.# ####.........####...#
##.#############..........
#....##........#..........
#....##........#..........


You could see Duvessa (strong) and Dowan.

Vanquished Creatures
  An ice beast (D:5)
  A black bear (D:5)
  A centaur (D:5)
  3 scorpions
  A jelly (D:3)
  A gnoll shaman (D:5)
  An iguana (D:5)
  2 orc wizards (D:4)
  Ijyb (D:3)
  5 gnolls (D:5)
  9 adders
  A shadow imp (D:5)
  2 worms (D:3)
  A dart slug (D:1)
  5 orcs
  3 endoplasms
  2 giant cockroaches
  5 hobgoblins
  2 jackals (D:4)
  2 quokkas
  5 ball pythons
  4 bats
  5 frilled lizards
  3 goblins
  9 kobolds
  7 rats
82 creatures vanquished.

Vanquished Creatures (others)
  8 fungi (D:4)
8 creatures vanquished.

Grand Total: 90 creatures vanquished

Notes
Turn   | Place    | Note
-------+----------+-------------------------------------------
     0 | Abyss:1  | truemonolith the Demonspawn Abyssal Knight began the quest
                  | for the Orb.
     0 | Abyss:1  | Reached XP level 1. HP: 18/18 MP: 2/2
    21 | D:1      | Escaped the Abyss
    86 | D:1      | Found a faded altar of an unknown god.
   230 | D:1      | Reached skill level 2 in Axes
   666 | D:1      | Gained mutation: A meltable shield of frost defends you.
                  | (SH +4) [demonic ancestry]
   666 | D:1      | Reached XP level 2. HP: 24/24 MP: 3/3
   810 | D:1      | Reached ** piety under Lugonu
  1391 | D:1      | Identified a scroll of acquirement
  1391 | D:1      | Acquired the +8 Wrath of Trog {antimagic, *Rage Rampage}
  1391 | D:1      | Found the +8 Wrath of Trog {antimagic, *Rage Rampage}
  1590 | D:2      | Reached skill level 3 in Axes
  1628 | D:2      | Gained mutation: You have a small tail. [demonic ancestry]
  1628 | D:2      | Reached XP level 3. HP: 28/29 MP: 4/4
  2290 | D:3      | Noticed a scorpion
  2295 | D:3      | Killed a scorpion
  2296 | D:3      | Reached skill level 4 in Axes
  2296 | D:3      | Gained mutation: You have an unusually large brain. (Int
                  | +2) [demonic ancestry]
  2296 | D:3      | Reached XP level 4. HP: 35/35 MP: 4/5
  2329 | D:3      | Reached XP level 5. HP: 41/41 MP: 5/6
  2382 | D:3      | Reached skill level 5 in Axes
  2773 | D:3      | Noticed Ijyb
  2792 | D:3      | Killed Ijyb
  2792 | D:3      | Reached *** piety under Lugonu
  3006 | D:4      | Found a runed translucent gate.
  3006 | D:4      | Found a runed translucent gate.
  3006 | D:4      | Noticed HoaS's ghost (novice GrHu)
  3007 | D:4      | Found a runed translucent gate.
  3037 | D:4      | Reached skill level 6 in Axes
  3037 | D:4      | Reached XP level 6. HP: 47/47 MP: 5/7
  3276 | D:4      | Found a burning altar of Makhleb.
  3277 | D:4      | Found a hazy altar of Hepliaklqana.
  4086 | D:4      | Gained mutation: Armour fits poorly on your strangely
                  | shaped body. [potion of mutation]
  4086 | D:4      | Gained mutation: Your magical capacity is low. (-10% MP)
                  | [potion of mutation]
  4086 | D:4      | Gained mutation: Your spells are a little harder to cast,
                  | but a little more powerful. [potion of mutation]
  4137 | D:5      | Entered Level 5 of the Dungeon
  4230 | D:5      | Reached skill level 7 in Axes
  4230 | D:5      | Gained mutation: You have an extremely huge brain. (Int +4)
                  | [demonic ancestry]
  4230 | D:5      | Reached XP level 7. HP: 42/52 MP: 5/7
  4513 | D:5      | Noticed Duvessa
  4514 | D:5      | Noticed Dowan
  4517 | D:5      | Reached skill level 8 in Axes
  4530 | D:5      | Slain by Duvessa

Illustrated notes

Levels and vault maps discovered:
D:1:      shiori_arrival_elements, layout_basic,
          hellmonk_ecumenical_altar_arch_garden, serial_park_tiny_2
D:2:      layout_loops_ring, basic_altar, columned_hall_lemuel,
          serial_park_tiny_1
D:3:      minmay_spotlight, layout_basic, minmay_bisected, uniq_ijyb
D:4:      wander_river, layout_basic, nicolae_overflow_squiral, serial_aquarium,
          aquarium_bridge_square [aquarium_subvault_bridge,
          aquarium_subvault_window, aquarium_subvault_bridge,
          aquarium_subvault_wall], aquarium_window_2, aquarium_window_fake,
          aquarium_view_2d, aquarium_balcony_3a, aquarium_pool_2,
          ebering_ghost_rock_garden, dreamdust_princess_corridor
D:5:      layout_basic, nrook_uturn, uniq_blork_the_orc, uniq_duvessa

Skill      XL: |  1  2  3  4  5  6  7 |
---------------+----------------------+-----
Axes           | 2 3 4 6 7 8 |  8.0
Fighting       | |  3.0
Armour         | |  1.7
Dodging        | |  0.8
Invocations    | |  2.4

Action                   |  1- 3 |  4- 6 |  7- 9 || total
-------------------------+-------+-------+-------++-------
Melee: Hand axe          |    50 |       |       ||    50
       Battleaxe         |    28 |    77 |    18 ||   123
       Tailslap          |     3 |     4 |     3 ||    10
Invok: Depart the Abyss  |     1 |       |       ||     1
  Use: Scroll            |     1 |     8 |       ||     9
       Potion            |       |     5 |       ||     5
Armor: Leather armour    |     7 |       |       ||     7
       Chain mail        |    24 |    46 |     8 ||    78
Dodge: Dodged            |    23 |    17 |     7 ||    47
Block: Other             |    10 |    12 |     5 ||    27

Table legend: (Time is in decaauts)
 A = Elapsed time spent in this place.
 B = Non-inter-level travel time spent in this place.
 C = Inter-level travel time spent in this place.
 D = Time resting spent in this place.
 E = Time spent auto-exploring this place.
 F = Levels seen in this place.
 G = Mean time per level.
                   A        B        C        D        E       F      G
               +--------+--------+--------+--------+--------+-----+--------+
         Total |   4884 |   4819 |     65 |   1074 |   2771 |   6 |  814.0 |
       Dungeon |   4863 |   4798 |     65 |   1074 |   2752 |   5 |  972.6 |
         Abyss |     21 |     21 |      0 |      0 |     19 |   1 |   21.0 |
               +--------+--------+--------+--------+--------+-----+--------+

Top non-repeatable levels by time:
     D:1: 1426 daAuts
     D:4: 1261 daAuts
     D:2: 926 daAuts
     D:3: 800 daAuts
     D:5: 448 daAuts
 Abyss:1: 21 daAuts
